 Dungeon Crawl Stone Soup version 0.29.1 (webtiles) character file.

Game seed: 15888961435432767761

3373 wingedge the Trooper (level 10, 0/79 HPs)
             Began as a Human Hedge Wizard on Sept 13, 2022.
             Was an Initiate of Gozag.
             Killed from afar by an acid dragon (27 damage)
             ... with a splash of acid
             ... on level 8 of the Dungeon.
             The game lasted 00:45:15 (8778 turns).

wingedge the Trooper (Human Hedge Wizard)           Turns: 8778, Time: 00:45:30

Health: 0/79       AC:  2    Str: 14    XL:     10   Next: 23%
Magic:  26/26      EV: 16    Int: 19    God:    Gozag
Gold:   887        SH:  4    Dex: 14    Spells: 11/19 levels left

rFire   . . .      SeeInvis .   a - +8 war axe "Trog's Anger" {flame, rElec MP+9 Str+2 Int+3}
rCold   . . .      Faith    .   u - +0 buckler
rNeg    . . .      Spirit   .   h - +0 leather armour
rPois   +          Reflect  .   C - +0 helmet
rElec   +          Harm     .   (no cloak)
rCorr   .          Rampage  .   F - +0 pair of gloves
Will    .....                   c - +0 pair of boots
Stlth   ++........              (no amulet)
HPRegen 0.23/turn               d - +4 ring of evasion
MPRegen 0.20/turn               i - ring of poison resistance

@: corroded, gold aura
A: no striking features
a: Renounce Religion, Potion Petition, Call Merchant, Bribe Branch


You were on level 8 of the Dungeon.
You worshipped Gozag.
Gozag was pleased with you.
You visited 2 branches of the dungeon, and saw 9 of its levels.

You collected 1025 gold pieces.
You spent 54 gold pieces at shops.
You paid 84 gold pieces to Gozag.

Inventory:

Hand Weapons
 a - the +8 war axe "Trog's Anger" (weapon) {flame, rElec MP+9 Str+2 Int+3}
   (You found it on level 3 of the Dungeon)

   It burns those it strikes, dealing additional fire damage.
   Big, fiery blades are also staple armaments of hydra-hunters.
   Str:       It affects your strength (+2).
   Int:       It affects your intelligence (+3).
   rElec:     It insulates you from electricity.
   MP:        It affects your magic capacity (+9).
 b - a +4 sling of freezing
 m - a +2 antimagic morningstar
 L - a +0 flail
Missiles
 f - 11 poisoned darts (quivered)
 o - a throwing net
 r - 15 boomerangs
Armour
 c - a +0 pair of boots (worn)
 h - a +0 leather armour (worn)
 j - a +0 kite shield
 u - a +0 buckler (worn)
 C - a +0 helmet (worn)
 E - a +0 ring mail
 F - a +0 pair of gloves (worn)
Magical Staves
 v - a staff of cold
Jewellery
 d - a +4 ring of evasion (left hand)
 i - a ring of poison resistance (right hand)
Wands
 G - a wand of digging (2)
Scrolls
 e - 2 scrolls of blinking
 g - 3 scrolls of immolation
 k - 6 scrolls of teleportation {unknown}
 l - 3 scrolls of magic mapping {unknown}
 x - a scroll of torment {unknown}
 y - a scroll of butterflies {unknown}
 B - a scroll of enchant armour {unknown}
 H - a scroll of vulnerability {unknown}
 I - 3 scrolls of fear {unknown}
 K - a scroll of noise {unknown}
Potions
 p - a potion of mutation
 q - 6 potions of curing
 s - a potion of heal wounds
 w - a potion of attraction
 z - a potion of ambrosia {unknown}
 A - a potion of lignification {unknown}
 D - 2 potions of degeneration {unknown}
 J - a potion of cancellation {unknown}


   Skills:
 - Level 7.0 Fighting
 - Level 5.0 Axes
 - Level 3.0 Ranged Weapons
 - Level 3.0 Armour
 - Level 3.0 Dodging
 - Level 2.0 Stealth
 - Level 1.0 Shields
 - Level 5.0 Spellcasting
 - Level 4.0 Conjurations
 - Level 4.0 Summonings
 - Level 1.0 Translocations
 - Level 4.0 Air Magic
 + Level 3.9 Poison Magic


You had 11 spell levels left.
You knew the following spells:

 Your Spells              Type           Power      Damage    Failure   Level
a - Magic Dart            Conj           76%        1d6       4%          1
b - Call Imp              Summ           19%        N/A       6%          2
c - Mephitic Cloud        Conj/Pois/Air  19%        N/A       12%         3
d - Blink                 Tloc           16%        N/A       21%         2

Your spell library contained the following spells:

 Spells                   Type           Power      Damage    Failure   Level
 Slow                     Hex            16%        N/A       21%         1
 Conjure Flame            Conj/Fire      12%        6-21      26%         3
 Borgnjor's Revivificati  Necr           2%         N/A       100%        8
 Necromutation            Tmut/Necr      2%         N/A       100%        8
 Death's Door             Necr           2%         N/A       100%        9


Dungeon Overview and Level Annotations

Branches:
Dungeon (8/15)             Temple (1/1) D:6
   Lair: D:8-11

Altars:
Cheibriados
Dithmenos
Elyvilon
Fedhas
Gozag
Hepliaklqana
Kikubaaqudgha
Makhleb
Nemelex Xobeh
Qazlal
Sif Muna
Uskayaw
Vehumet
Wu Jian
Xom
Yredelemnul
Zin
The Shining One

Shops:
D:4 *[


Message History

The orc wizard hits you with a +2 dagger of speed.
The orc wizard completely misses you.
You feel less confused. The orc wizard casts a spell at you.
The puff of flame hits you. The orc wizard barely misses you.
Your crimson imp barely misses the orc wizard.
The orc wizard closely misses you.
You slash the orc wizard! You burn the orc wizard.
You kill the orc wizard!
Your crimson imp closely misses the acid dragon.
The acid dragon spits acid at you. The splash of acid hits you!!
The acid corrodes you!
Okay, then.
Your crimson imp closely misses the acid dragon.
You block the acid dragon's attack. The acid dragon claws you.
Items here: $ )))) [.
You closely miss the acid dragon.
Your crimson imp blinks!
The acid dragon barely misses you. The acid dragon closely misses you.
You closely miss the acid dragon.
The acid dragon is distracted by your dazzling golden aura.
The acid dragon roars!
You hit the acid dragon. You burn the acid dragon.
The acid dragon is no longer distracted by gold.
The acid dragon is moderately wounded.
The acid dragon misses you. The acid dragon closely misses you.
You hit the acid dragon. You burn the acid dragon.
The acid dragon is moderately wounded.
Your crimson imp blinks!
The acid dragon misses you. The acid dragon claws you.
You slash the acid dragon! You burn the acid dragon.
The acid dragon is almost dead.
Your crimson imp blinks!
The acid dragon spits acid at you. The splash of acid hits you!!
The acid dragon spits acid at you. The splash of acid hits you!!
You die...
Your body crumbles into a pile of gold.

###..##..........# .
##.............##.#
####...§.........#
#.....[.....###
#######.....$.((.##
........##....§########
...........###5.#.....#
........#### #..#.....#
######### #.D@..<..#
####.....# #.....#
#.....# #######


You could see an acid dragon (catching breath, ally target) and a friendly
crimson imp (summoned).

Vanquished Creatures
  Prince Ribbit (D:8)
  A slime creature (D:8)
  Eustachio (D:5)
  2 ice beasts
  A sky beast (D:8)
  A black bear (D:8)
  3 ogres
  A phantom (D:5)
  A kobold brigand (D:6)
  2 gnoll sergeants
  A necrophage (D:4)
  A bullfrog (D:6)
  A water moccasin skeleton (D:5)
  3 howler monkeys
  A centaur zombie (D:5)
  3 jellies
  2 centaur skeletons (D:5)
  7 orc priests
  3 iguanas
  5 orc wizards
  A hell rat (D:8)
  6 gnolls
  11 adders
  A white imp (D:5)
  3 worms
  A dart slug (D:1)
  21 orcs
  4 bats
  7 endoplasms
  2 giant cockroaches (D:1)
  12 goblins
  3 hobgoblins
  2 jackals (D:3)
  A quokka (D:4)
  5 ball pythons
  5 frilled lizards
  10 kobolds
  10 rats
146 creatures vanquished.

Vanquished Creatures (collateral kills)
  A steam dragon (D:8)
  A vampire mosquito (D:8)
  A water moccasin (D:6)
  A black bear (D:8)
  A centaur (D:8)
  The ghost of sleeves the Insei, an amateur HuTm (D:5)
  A kobold brigand (D:8)
  A hound (D:6)
  2 orc priests
  An iguana (D:7)
  8 orcs
  A ball python (D:3)
  2 jackals (D:3)
  A rat (D:3)
23 creatures vanquished.

Vanquished Creatures (others)
  An orc (D:8)
  20 plants (D:3)
21 creatures vanquished.

Grand Total: 190 creatures vanquished

Notes
Turn   | Place    | Note
-------+----------+-------------------------------------------
     0 | D:1      | wingedge the Human Hedge Wizard began the quest for the
                  | Orb.
     0 | D:1      | Reached XP level 1. HP: 13/13 MP: 4/4
   447 | D:1      | Reached XP level 2. HP: 19/19 MP: 3/6
   817 | D:1      | Found a faded altar of an unknown god.
  1015 | D:1      | Reached XP level 3. HP: 24/24 MP: 5/7
  1444 | D:1      | Learned a level 2 spell: Call Imp
  1448 | D:1      | Learned a level 3 spell: Mephitic Cloud
  1728 | D:2      | Reached skill level 1 in Ranged Weapons
  2086 | D:2      | Reached skill level 1 in Fighting
  2086 | D:2      | Reached XP level 4. HP: 28/32 MP: 1/8
  2872 | D:3      | Found an ornate altar of the Wu Jian Council.
  3111 | D:3      | Reached skill level 1 in Armour
  3306 | D:3      | Reached XP level 5. HP: 37/37 MP: 9/9
  3703 | D:3      | Learned a level 2 spell: Blink
  3740 | D:3      | Identified the +8 war axe "Trog's Anger" {flame, rElec MP+9
                  | Str+2 Int+3}
  4143 | D:4      | Found an opulent altar of Gozag.
  4144 | D:4      | Found Gozag's Platinum Reserve.
  4153 | D:4      | Became a worshipper of Gozag Ym Sagoz the Greedy
  4262 | D:4      | Reached skill level 1 in Axes
  4352 | D:4      | Reached skill level 1 in Shields
  4352 | D:4      | Reached XP level 6. HP: 34/43 MP: 10/10
  4668 | D:4      | Found Yddu's Armour Shoppe.
  4717 | D:4      | Noticed an ogre
  4724 | D:4      | Killed an ogre
  5012 | D:4      | Reached XP level 7. HP: 48/48 MP: 11/11
  5177 | D:4      | Reached skill level 2 in Fighting
  5300 | D:5      | Entered Level 5 of the Dungeon
  5334 | D:5      | Noticed Eustachio
  5355 | D:5      | Killed Eustachio
  5356 | D:5      | Reached skill level 3 in Fighting
  5566 | D:5      | Reached skill level 5 in Axes
  5585 | D:5      | Reached XP level 8. HP: 40/58 MP: 12/12
  5794 | D:5      | Found a transporter.
  5818 | D:5      | Found a transporter.
  5850 | D:5      | Reached skill level 4 in Fighting
  6244 | D:5      | Noticed sleeves's ghost (amateur HuTm)
  6426 | D:5      | Reached skill level 5 in Fighting
  6648 | D:5      | Found a shimmering blue altar of Sif Muna.
  6731 | D:5      | Killed sleeves's ghost
  6733 | D:5      | Reached skill level 6 in Fighting
  6900 | D:4      | Bought a +0 pair of gloves for 54 gold pieces
  7001 | D:6      | Reached skill level 1 in Air Magic
  7001 | D:6      | Reached XP level 9. HP: 57/69 MP: 13/13
  7114 | D:6      | Reached skill level 1 in Poison Magic
  7156 | D:6      | Found a staircase to the Ecumenical Temple.
  7211 | Temple   | Entered the Ecumenical Temple
  7511 | D:6      | Found a shadowy altar of Dithmenos.
  8315 | D:8      | Noticed a death yak
  8396 | D:8      | Noticed Prince Ribbit
  8423 | D:8      | Killed Prince Ribbit
  8424 | D:8      | Reached skill level 7 in Fighting
  8464 | D:8      | Noticed a slime creature
  8475 | D:8      | Killed a slime creature
  8476 | D:8      | Reached skill level 5 in Spellcasting
  8476 | D:8      | Reached XP level 10. HP: 41/79 MP: 17/17
  8778 | D:8      | Killed from afar by an acid dragon

Illustrated notes

Levels and vault maps discovered:
D:1:      eino_arrival_water_cross, layout_basic,
          shapermc_ecumenical_altar_mp_highgroup
D:2:      layout_loops_corners
D:3:      layout_loops_corners, nicolae_wu_jian_glorious_leap,
          hangedman_abyss_or_decor_lesser_grid, serial_bayou_lagoon_a
D:4:      layout_rooms, nicolae_gozag_zags_fifth_avenue, serial_shops,
          nicolae_take_the_stairs, minmay_puff
D:5:      layout_loops_ring, nicolae_sif_muna_little_library,
          gammafunk_ghost_mausoleum, uniq_eustachio
D:6:      layout_rooms, marbit_many_paths, minmay_temple_entry_large_hall,
          serial_glass, glass_columns_b, glass_columns_a, feat_on_display,
          minmay_strange_pillars, feat_on_display
D:7:      layout_cave_pools
D:8:      hangedman_cross_stitches, layout_rooms, dpeg_lair_monsters,
          uniq_prince_ribbit1
Temple:   eino_temple_lava

Skill      XL: |  1  2  3  4  5  6  7  8  9 10 |
---------------+-------------------------------+-----
Conjurations   | 2 3 4 |  4.0
Ranged Weapons | 1 2 3 |  3.0
Fighting       | 1 3 6 7 |  7.0
Armour         | 1 2 3 |  3.0
Axes           | 2 4 5 |  5.0
Shields        | 1 |  1.0
Summonings     | 2 4 |  4.0
Air Magic      | 1 3 4 |  4.0
Poison Magic   | 3 |  3.9
Spellcasting   | 5 |  5.0
Dodging        | 3 |  3.0
Stealth        | |  2.0
Translocations | |  1.0

Action                   |  1- 3 |  4- 6 |  7- 9 | 10-12 || total
-------------------------+-------+-------+-------+-------++-------
Melee: Dagger            |    11 |       |       |       ||    11
       Short sword       |     1 |       |       |       ||     1
       War axe           |       |    26 |   171 |    11 ||   208
 Fire: Sling             |    13 |    62 |     2 |       ||    77
Throw: Dart              |     3 |     2 |     7 |     2 ||    14
       Boomerang         |       |       |     3 |       ||     3
 Cast: Magic Dart        |    71 |    17 |       |       ||    88
       Call Imp          |       |     2 |    20 |     3 ||    25
       Blink             |       |     4 |       |       ||     4
       Mephitic Cloud    |       |       |     5 |       ||     5
  Use: Potion            |     1 |       |     3 |     1 ||     5
       Scroll            |       |     6 |     2 |       ||     8
 Stab: Sleeping          |     1 |       |       |       ||     1
       Distracted        |       |       |     2 |       ||     2
       Confused          |       |       |     2 |       ||     2
       Paralysed         |       |       |       |     1 ||     1
Armor: Robe              |     3 |       |       |       ||     3
       Leather armour    |       |     9 |    34 |     2 ||    45
Dodge: Dodged            |    25 |    51 |   131 |    12 ||   219
Block: Buckler           |       |    11 |    25 |     2 ||    38
